AoeStats
← Faku GT

Arena

508805282Analyzed
1v1 RM · 8d ago on Sep 24, 2026· 14m 47s· 2 players
Game mode
Random Map
Map size
Tiny (2 player)
Population
200
Speed
Normal
Resources
Standard
Victory
Conquest
Starting age
Dark Age
Ending age
Imperial Age
RankedLock teamsTeams togetherTeam positionsShared explorationLock speedFull tech treeHidden civsTurbo modeCheats
Victory
Defeat
🇹🇼 Cumans · Taiwan
962
+32
🇦🇷 Bengalis · Argentina
938
-15
Faku GT
10:10 Feudal Age
10:48 Double-Bit Axe
11:08 Loom
11:34 Horse Collar
16:16 Castle Age
15:04 Loom
Nora
10:52 Feudal Age
11:23 Double-Bit Axe
14:07 Horse Collar
Connection lost

Rejoining the realm…

Still unreachable

The connection could not be restored.

Session expired

The server has moved on; the page needs a fresh start.